 Dungeon Crawl Stone Soup version 0.32-a0-20-ge526923d97 (webtiles) character file.

Game seed: 15779773037853472043

145 croobank the Sneak (level 5, 0/41 HPs)
             Began as a Human Delver on Jan 17, 2024.
             Slain by a gnoll
             ... wielding a +0 halberd
              (6 damage)
             ... on level 3 of the Dungeon on Jan 18, 2024.
             The game lasted 00:10:16 (3044 turns).

croobank the Sneak (Human Delver)                   Turns: 3044, Time: 00:10:16

Health: 0/41       AC:  3    Str: 12    XL:     5   Next: 27%
Magic:  5/5        EV: 10    Int: 12    God:
Gold:   156        SH:  9    Dex: 15    Spells: 4/4 levels left

rFire   . . .        a - +0 short sword
rCold   + . .        j - +1 kite shield
rNeg    + . .        b - +0 leather armour
rPois   .            (no helmet)
rElec   .            (no cloak)
rCorr   .            (no gloves)
SInv    .            (no boots)
Will    +....        (no amulet)
Stlth   +++          e - ring of Beogh's Brutal Revenge {rN+ Will+}
HPRegen 0.26/turn    f - ring of protection from cold
MPRegen 0.09/turn

%: no passive effects
@: mighty
A: explore regen
a: no special abilities


You were on level 3 of the Dungeon.
You visited 1 branch of the dungeon, and saw 6 of its levels.

You collected 156 gold pieces.

Inventory:

Hand Weapons
 a - a +0 short sword (weapon)
 m - a +1 whip of electrocution
Missiles
 i - 10 poisoned darts (quivered)
Armour
 b - a +0 leather armour (worn)
 j - a +1 kite shield (worn)
Jewellery
 e - the ring of Beogh's Brutal Revenge (left hand) {rN+ Will+}
   (You found it on level 4 of the Dungeon)

   [ring of positive energy]

   rN+:       It protects you from negative energy.
   Will+:     It increases your willpower.
 f - a ring of protection from cold (right hand)
Wands
 g - a wand of digging (3)
Scrolls
 c - a scroll of fog
 n - 3 scrolls of identify
 o - 2 scrolls of enchant armour
 p - a scroll of revelation
Potions
 d - a potion of curing
 h - a potion of attraction
 l - a potion of haste
 r - a potion of lignification
 s - a potion of mutation


   Skills:
 + Level 3.5 Fighting
 + Level 2.7 Short Blades
 + Level 2.7 Dodging
 + Level 5.5 Stealth
 * Level 2.5 Shields


You had 4 spell levels left.
You didn't know any spells.
Your spell library contained the following spells:

 Spells                   Type           Power      Damage    Failure   Level
 Ensorcelled Hibernation  Hex/Ice        0%         N/A       95%         2
 Fugue of the Fallen      Necr           0%         N/A       99%         3
 Anguish                  Hex/Necr       0%         N/A       100%        4


Dungeon Overview and Level Annotations

Branches:
Dungeon (6/15)
 Temple: D:4-7

Altars:
Kikubaaqudgha
Sif Muna
Yredelemnul

Shops:
D:3 =

Annotations:
D:3 exclusions: goblin and hobgoblin


Innate Abilities, Weirdness & Mutations

You regain HP and MP as you explore.


Message History

You kill the gnoll!
You see here a +0 spear.
You start resting.
HP restored.
You see here a +0 spear.
There is a stone staircase leading down, spattered with blood here.
This staircase leads to a travel-excluded area!
You climb downwards.
Level annotation: exclusions: gnoll, goblin and hobgoblin
There is a stone staircase leading up, spattered with blood here.
You block the gnoll's attack.
You hit the gnoll.
The gnoll is moderately wounded.
The gnoll hits you with a +0 halberd!
You closely miss the gnoll.
The gnoll is moderately wounded.
The gnoll misses you. The gnoll hits you with a +0 halberd.
You hit the gnoll but do no damage.
The gnoll is moderately wounded.
The gnoll hits you with a +0 halberd!
You hit the gnoll.
The gnoll is moderately wounded.
You block the gnoll's attack.
You hit the gnoll.
The gnoll is heavily wounded.
The gnoll hits you with a +0 halberd!
* * * LOW HITPOINT WARNING * * *
You are too injured to fight recklessly!
You are too injured to fight recklessly!
You closely miss the gnoll.
The gnoll is heavily wounded.
You block the gnoll's attack.
You hit the gnoll.
The gnoll is severely wounded.
The gnoll hits you with a +0 halberd.
* * * LOW HITPOINT WARNING * * *
Okay, then.
You feel very mighty all of a sudden. The gnoll hits you with a +0 halberd.
You die...

######### #.......#
#.......# #.....<.#
#.......# ###
#...@...###########..
#..g.................
#.......####..#####..
#.......# ##.# #..
#.......# #.### #..
######### #...#....
#.....#######.....#..
#.....#....†..#...>..
#.....#.#############


You could see a gnoll.

Vanquished Creatures
  Jessica (D:2)
  4 adders
  3 gnolls (D:2)
  An ufetubus (D:6)
  A dart slug (D:1)
  2 orcs
  2 ball pythons
  6 bats
  2 endoplasms
  5 giant cockroaches
  4 goblins
  2 hobgoblins (D:1)
  6 kobolds
  5 frilled lizards
  3 rats
47 creatures vanquished.

Notes
Turn   | Place    | Note
-------+----------+-------------------------------------------
     0 | D:5      | croobank the Human Delver began the quest for the Orb.
     0 | D:5      | Reached XP level 1. HP: 18/18 MP: 1/1
    68 | D:6      | Reached XP level 2. HP: 22/24 MP: 2/2
    89 | D:6      | Reached skill level 1 in Shields
   346 | D:4      | Reached XP level 3. HP: 29/29 MP: 3/3
   448 | D:4      | Identified the ring of Beogh's Brutal Revenge {rN+ Will+}
   470 | D:3      | Found Riovujy's Jewellery Emporium.
   552 | D:3      | Found a basalt altar of Yredelemnul.
   562 | D:3      | Found a shimmering blue altar of Sif Muna.
   736 | D:2      | Noticed Jessica
   780 | D:2      | Killed Jessica
   781 | D:2      | Reached XP level 4. HP: 19/35 MP: 4/4
   966 | D:2      | Found an ancient bone altar of Kikubaaqudgha.
  1076 | D:2      | HP: 1/35 [poisoned by an adder]
  2789 | D:2      | Reached XP level 5. HP: 41/41 MP: 5/5
  3044 | D:3      | Slain by a gnoll

Illustrated notes

Levels and vault maps discovered:
D:1:      eino_arrival_cavern_b, layout_loops_corners
D:2:      layout_basic, basic_altar, kennysheep_donut, uniq_jessica
D:3:      layout_rooms, mainiacjoe_overflow_large_starburst, serial_shops, shop,
          uniq_robin
D:4:      layout_loops_corners, minitemple,
          mainiacjoe_sewer_entry_somewhere_in_here_1, grunt_decor_mini_mirrors
D:5:      layout_rooms, eino_tiny_chamber, serial_bayou_pond_d, minmay_puff,
          uniq_menkaure
D:6:      layout_layer_cave, minmay_temple_entry_statues_fountains,
          gammafunk_ghost_grave, chequers_serial_rivers_marsh,
          kennysheep_generic_room_2

Skill      XL: |  1  2  3  4 |
---------------+-------------+-----
Shields        | 1 2 |  2.5
Fighting       | |  3.5
Short Blades   | |  2.7
Dodging        | |  2.7
Stealth        | |  5.5

Action                     |  1- 3 |  4- 6 || total
---------------------------+-------+-------++-------
  Melee: Short sword       |   107 |   148 ||   255
    Use: Scroll            |     2 |     7 ||     9
         Potion            |     2 |     1 ||     3
   Stab: Sleeping          |     3 |     9 ||    12
 Armour: Leather armour    |    70 |    77 ||   147
  Dodge: Dodged            |    57 |    55 ||   112
  Block: Kite shield       |    71 |    75 ||   146

Table legend: (Time is in decaauts)
 A = Elapsed time spent in this place.
 B = Non-inter-level travel time spent in this place.
 C = Inter-level travel time spent in this place.
 D = Time resting spent in this place.
 E = Time spent auto-exploring this place.
 F = Levels seen in this place.
 G = Mean time per level.
                   A        B        C        D        E       F      G
               +--------+--------+--------+--------+--------+-----+--------+
         Total |   3054 |   2979 |     75 |    651 |   1370 |   6 |  509.0 |
       Dungeon |   3054 |   2979 |     75 |    651 |   1370 |   6 |  509.0 |
               +--------+--------+--------+--------+--------+-----+--------+

Top non-repeatable levels by time:
     D:2: 1353 daAuts
     D:1: 1075 daAuts
     D:6: 206 daAuts
     D:4: 177 daAuts
     D:3: 176 daAuts
     D:5: 65 daAuts
